 Dungeon Crawl Stone Soup version 0.24-a0-269-g32ec7ca (webtiles) character file.

Game seed: 4073898696649787601

94656 mistymad the Unseen (level 15, -1/83 HPs)
             Began as a Spriggan Assassin on Apr 21, 2019.
             Was an Initiate of Gozag.
             Slain by a cyclops (19 damage)
             ... while paralysed by a wizard
             ... on level 15 of the Dungeon on Apr 22, 2019.
             The game lasted 03:20:52 (36163 turns).

mistymad the Unseen (Spriggan Assassin)            Turns: 36163, Time: 03:20:53

Health: -1/83      AC:  4    Str:  7    XL:     15   Next: 64%
Magic:  30/34      EV:  4    Int: 16    God:    Gozag
Gold:   2255       SH:  0    Dex: 24    Spells: 13/27 levels left

rFire    + . .     SeeInvis +   e - +11 dagger of Bread {pain, rN+}
rCold    + . .     Gourm    .   (shield restricted)
rNeg     + . .     Faith    +   Z - +2 robe {rC+ rF+}
rPois    .         Spirit   .   (helmet restricted)
rElec    +         Reflect  .   j - scarf {repulsion}
rCorr    .         Harm     .   (gloves unavailable)
MR       ++...                  (boots unavailable)
Stlth    +++++++++.             F - amulet of Jack {Faith rElec MP+9}
HPRegen  0.23/turn              i - ring of stealth
MPRegen  0.24/turn              h - +3 ring of intelligence

@: paralysed, gold aura, repel missiles, very quick
A: very small, unfitting armour, see invisible, herbivore, speed 3, slow
metabolism 2
a: Potion Petition, Call Merchant, Bribe Branch, Renounce Religion


You were on level 15 of the Dungeon.
You worshipped Gozag.
Gozag was most pleased with you.
You were not hungry.

You visited 4 branches of the dungeon, and saw 24 of its levels.
You also visited: Ossuary.

You collected 8022 gold pieces.
You spent 1091 gold pieces at shops.
You paid 4676 gold pieces to Gozag.

Inventory:

Hand Weapons
 e - the +11 dagger of Bread (weapon) {pain, rN+}
   (You found it on level 12 of the Dungeon)

   In the hands of one skilled in necromantic magic, it inflicts extra damage on
   living creatures.
   It protects you from negative energy.
 m - a +1 antimagic dagger
 q - a +0 blowgun
 w - a +0 hunting sling
Missiles
 b - 2 needles of sleeping
 c - 39 sling bullets
 n - 26 poisoned needles
 S - a throwing net (quivered)
Armour
 j - a scarf of repulsion (worn)
 W - the +1 robe of the Burgomaster {Regen+ Str+2}
   (You bought it in a shop on level 1 of the Lair of Beasts)

   It affects your strength (+2).
   It increases your rate of regeneration.
 Z - a +2 robe of resistance (worn)
Jewellery
 h - a +3 ring of intelligence (right hand)
 i - a ring of stealth (left hand)
 F - the amulet of Jack (around neck) {Faith rElec MP+9}
   (You found it on level 6 of the Dungeon)

   [amulet of faith]

   It allows you to gain divine favour quickly.
   It insulates you from electricity.
   It affects your magic capacity (+9).
 K - a +4 ring of dexterity
 V - an uncursed ring of wizardry
 Y - an uncursed ring of protection from fire
Wands
 u - a wand of polymorph (3)
 v - a wand of flame (11)
 R - a wand of enslavement (7)
 T - a wand of scattershot (4)
 X - a wand of digging (13)
Scrolls
 a - a scroll of silence {!r}
 k - 10 scrolls of immolation
 l - 14 scrolls of remove curse
 p - 9 scrolls of teleportation
 s - a scroll of amnesia
 y - 3 scrolls of enchant weapon
 C - 5 scrolls of blinking
 E - 3 scrolls of fear
 G - 8 scrolls of magic mapping
 I - 7 scrolls of enchant armour
 L - 2 scrolls of identify
 M - a scroll of fog
 N - 2 scrolls of acquirement
 P - 2 scrolls of holy word {!r}
Potions
 d - a potion of resistance
 f - 8 potions of brilliance
 o - a potion of curing
 r - 5 potions of mutation {!q}
 t - 8 potions of might
 x - 5 potions of lignification {!q}
 z - 5 potions of flight
 A - 4 potions of agility
 B - 4 potions of haste
 D - a potion of invisibility
 H - a potion of ambrosia
 J - 3 potions of cancellation
 Q - 2 potions of heal wounds
Miscellaneous
 O - a phial of floods
 U - 2 phantom mirrors
Comestibles
 g - 21 rations


   Skills:
 + Level 11.4 Fighting
 + Level 10.4 Short Blades
 - Level 10.6 Throwing
 - Level 17.0 Dodging
 + Level 19.6 Stealth
 + Level 6.5 Spellcasting
 - Level 3.0 Hexes
 - Level 5.1 Charms
 - Level 3.0 Necromancy
 - Level 9.2 Evocations


You had 13 spell levels left.
You knew the following spells:

 Your Spells              Type           Power        Failure   Level  Hunger
a - Regeneration          Chrm/Necr      ###.......   8%          3    ##.....
b - Spectral Weapon       Hex/Chrm       ###.....     8%          3    ##.....
c - Shroud of Golubria    Chrm/Tloc      ##........   7%          2    None
d - Deflect Missiles      Chrm/Air       ##........   100%        6    #######

Your spell library contained the following spells:

 Spells                   Type           Power        Failure   Level  Hunger
 Infusion                 Chrm           ###.         1%          1    None
 Song of Slaying          Chrm           ###.....     2%          2    None
 Summon Small Mammal      Summ           #...         13%         1    None
 Call Imp                 Summ           #.......     21%         2    None
 Summon Guardian Golem    Hex/Summ       ##......     22%         3    ##.....
 Call Canine Familiar     Summ           #.......     36%         3    ##.....
 Recall                   Summ/Tloc      N/A          36%         3    ##.....
 Summon Ice Beast         Ice/Summ       #.......     78%         4    ####...
 Summon Lightning Spire   Summ/Air       #.......     78%         4    ####...
 Silence                  Hex/Air        ##........   89%         5    #####..
 Summon Mana Viper        Hex/Summ       ##......     89%         5    #####..
 Aura of Abjuration       Summ           #.........   98%         5    #####..
 Summon Demon             Summ           #.........   98%         5    #####..
 Summon Forest            Summ/Tloc      #.........   98%         5    #####..
 Conjure Ball Lightning   Conj/Air       #.........   100%        6    #######
 Shadow Creatures         Summ           N/A          100%        6    #######
 Tornado                  Air            #.........   100%        9    #######


Dungeon Overview and Level Annotations

Branches:
Dungeon (15/15)            Temple (1/1) D:6            Lair (6/6) D:9
 Shoals (0/4) Lair:2       Spider (0/4) Lair:2        Slime (0/5) Lair:5
    Orc (2/2) D:12            Elf (0/3) Orc:2        Vaults (0/5) D:14
 Depths (0/5) D:15

Altars:
Ashenzari
Gozag
Kikubaaqudgha
Makhleb
Nemelex Xobeh
Trog
Uskayaw
Wu Jian
Zin
The Shining One
Beogh

Shops:
D:5 *   D:13 [   D:15 (   Orc:2 **[:   Lair:1 ((**

Annotations:
D:14 Borgoz's ghost, journeyman KoGl
Lair:4 2 transporters, mhoghedin's ghost, journeyman CeHu


Innate Abilities, Weirdness & Mutations

You are very small and have problems with some larger weapons.
You are too small for most types of armour.
You have supernaturally acute eyesight. (SInv)
You are a herbivore.
You cover ground extremely quickly.
You need to consume almost no food.


Message History

The deep elf mage completely misses you.
You puncture the deep elf mage!
You kill the deep elf mage!
You puncture the cyclops!
Your spectral weapon hits the cyclops!
The cyclops writhes in agony.
You puncture the cyclops!
The cyclops writhes in agony.
Your spectral weapon hits the cyclops but does no damage.
The cyclops hits you!
You take 13 damage, and have 44/83 hp.
You hit the cyclops.
Your spectral weapon barely misses the cyclops.
You hit the cyclops.
Your spectral weapon hits the cyclops!
The wizard points at you and mumbles some strange words.
You suddenly lose the ability to move!
The cyclops hits you!!
* * * LOW HITPOINT WARNING * * *
The ice beast hits you but does no damage.
The cyclops hits you!!
You die...
Your body crumbles into a pile of gold.

.....## #..≈≈≈.#
....##########≈≈.########
..............p≈≈....$...
...############≈≈#.......
...# #.≈#....... ...#
#####.≈#....... ...#
#....≈≈........ ...#
#.##..≈≈.....#. ...#
#..(@Y.....# ####
#..C$≈....<. #
....#.........# #
................ #
.....#.........# #
.....#.........# # ....
#.......... ...
######...©.


You could see a cyclops, a wizard, an ice beast and a friendly spectral +11
dagger of Bread {pain, rN+}.

Vanquished Creatures
  Jorgrun (D:14)
  A fire giant (D:15)
  A stone giant (Orc:2)
  Nessos (D:14)
  5 dire elephants (Lair:6)
  Azrael (D:15)
  Snorg (D:12)
  Josephine (Lair:5)
  Harold (Lair:1)
  An ogre mage (D:12)
  11 hydras
  2 centaur warriors
  An anaconda (Lair:6)
  Erica (Lair:1)
  6 two-headed ogres
  Urug (D:14)
  5 orc high priests (Orc:2)
  An unseen horror (D:12)
  A deep elf archer (D:14)
  8 orc knights (Orc:2)
  Pikel (D:7)
  A lindwurm (Lair:6)
  3 deep elf magi
  18 ugly things
  3 orc sorcerers (Orc:1)
  7 manticores
  4 cyclopes
  4 elephants (Lair:6)
  A centaur zombie (D:10)
  Psyche (D:8)
  5 black mambas
  A rime drake (Lair:2)
  10 spiny frogs
  2 gargoyles (D:13)
  3 kobold demonologists
  13 komodo dragons
  2 trolls (Orc:2)
  2 jumping spiders (Lair:2)
  2 polar bears
  15 blink frogs
  A hornet (shapeshifter) (D:15)
  A hornet (Lair:3)
  4 slime creatures (D:14)
  5 dream sheep (Lair:6)
  6 hippogriffs
  2 wyverns
  17 humans
  A water elemental (D:12)
  21 yaks
  7 wraiths
  4 hogs (D:7)
  A basilisk (shapeshifter) (D:13)
  4 fire elementals (D:15)
  2 basilisks
  2 hungry ghosts
  2 steam dragons
  An acid dragon (D:15)
  Edmund (D:5)
  A soldier ant (D:14)
  10 water moccasins
  A hell hound (D:15)
  12 porcupines
  5 ice beasts
  4 sky beasts
  A hornet zombie (D:7)
  41 orc warriors
  2 necrophages
  2 phantoms
  A black bear (D:9)
  2 slaves
  An eye of draining (D:10)
  14 centaurs
  16 ogres
  12 crocodiles
  3 big kobolds
  21 bullfrogs
  5 scorpions
  4 killer bees (D:9)
  4 wights
  A howler monkey (D:5)
  3 electric eels
  7 crimson imps
  3 bullfrog zombies
  A quasit (D:10)
  6 hounds
  15 jellies
  34 orc priests
  A bullfrog skeleton (D:11)
  3 centaur skeletons
  4 iguanas
  Terence (D:3)
  25 orc wizards
  9 worker ants
  Natasha (thrice) (D:3)
  A hound zombie (Ossuary)
  4 mummies (Ossuary)
  Robin (D:3)
  3 worker ant zombies
  11 gnolls
  12 adders
  A shadow imp (D:8)
  An ooze (Lair:5)
  2 adder zombies
  An adder skeleton (D:4)
  5 worms
  4 dart slugs
  5 leopard geckos
  96 orcs
  7 giant cockroaches
  11 goblins
  17 hobgoblins
  4 jackals (D:1)
  22 kobolds
  2 quokkas
  7 bats
  2 frilled lizards
  2 jackal zombies
  A leopard gecko skeleton (D:4)
  A quokka skeleton (D:5)
  7 rats
  A rat zombie (Ossuary)
  A fungus (D:9)
  4 plants
745 creatures vanquished.

Vanquished Creatures (collateral kills)
  A komodo dragon (Lair:4)
  2 orc priests
  An orc wizard (D:10)
  An adder zombie (D:10)
  2 orcs (D:9)
7 creatures vanquished.

Vanquished Creatures (others)
  2 orc priests
  An orc wizard (D:11)
  58 fungi
  32 plants
  4 spectral weapons (D:15)
97 creatures vanquished.

Grand Total: 849 creatures vanquished

Notes
Turn   | Place    | Note
-------+----------+-------------------------------------------
     0 | D:1      | mistymad the Spriggan Assassin began the quest for the Orb.
     0 | D:1      | Reached XP level 1. HP: 10/10 MP: 2/2
   130 | D:1      | Reached skill level 6 in Stealth
   165 | D:1      | Reached XP level 2. HP: 11/15 MP: 3/3
   586 | D:1      | Reached XP level 3. HP: 8/18 MP: 4/4
   963 | D:2      | Found a sparkling altar of Nemelex Xobeh.
  1259 | D:2      | Reached XP level 4. HP: 18/23 MP: 5/5
  1838 | D:3      | Noticed Natasha
  1841 | D:3      | Killed Natasha
  1877 | D:3      | Reached XP level 5. HP: 20/27 MP: 6/6
  1950 | D:3      | Reached skill level 7 in Stealth
  2053 | D:3      | Noticed Natasha
  2070 | D:3      | Killed Natasha
  2087 | D:3      | Noticed Natasha
  2346 | D:3      | Noticed Terence
  2354 | D:3      | Killed Terence
  2442 | D:3      | Noticed Robin
  2558 | D:3      | Killed Robin
  2657 | D:3      | Killed Natasha
  2657 | D:3      | Reached XP level 6. HP: 32/32 MP: 7/7
  3006 | D:4      | mistymad: ??blowgun
  3006 | D:4      | beem: blowgun[1/1]: Blowguns shoot {needles}. For needles
                  | other than poison and curare: You have a flat 2% chance of
                  | affecting monsters with HD14 or less. In all other cases,
                  | or if this 2% chance fails, you will only affect a monster
                  | if 2+ 1d(4 + Throwing Skill + Blowgun enchantment) is
                  | greater than the monster's HD.
  3245 | D:4      | Reached skill level 5 in Dodging
  3300 | D:4      | Reached skill level 8 in Stealth
  3965 | D:5      | Entered Level 5 of the Dungeon
  3994 | D:5      | Found a glowing golden altar of the Shining One.
  4012 | D:5      | Found a sand-covered staircase.
  4017 | Ossuary  | Entered an ossuary
  4106 | Ossuary  | Reached XP level 7. HP: 14/36 MP: 8/8
  4782 | D:5      | Found Jiruk's Lightly-Used Armoury.
  4946 | D:5      | Noticed Edmund
  4959 | D:5      | Killed Edmund
  5196 | D:5      | Noticed a hungry ghost
  5215 | D:5      | Found an opulent altar of Gozag.
  5224 | D:5      | Became a worshipper of Gozag Ym Sagoz the Greedy
  5502 | D:6      | Reached skill level 9 in Stealth
  5612 | D:6      | Got a scorched lead amulet
  5613 | D:6      | Identified the amulet of Jack {Faith rElec MP+9} (You found
                  | it on level 6 of the Dungeon)
  5748 | D:6      | Reached XP level 8. HP: 36/42 MP: 9/9
  6239 | D:6      | Reached skill level 5 in Throwing
  6385 | D:6      | Found a staircase to the Ecumenical Temple.
  6973 | D:6      | Reached skill level 10 in Stealth
  7139 | Temple   | Entered the Ecumenical Temple
  7418 | D:7      | Found a shattered altar of Ashenzari.
  7549 | D:7      | Noticed a red ugly thing
  7553 | D:7      | Noticed a kobold demonologist
  7654 | D:7      | Killed a kobold demonologist
  7654 | D:7      | Reached skill level 5 in Fighting
  7654 | D:7      | Reached XP level 9. HP: 44/47 MP: 10/10
  7838 | D:7      | Killed a red ugly thing
  7838 | D:7      | Reached skill level 11 in Stealth
  8827 | D:7      | You fall through a shaft for 2 floors!
  8953 | D:7      | Reached skill level 10 in Dodging
  8953 | D:7      | Reached skill level 12 in Stealth
  9048 | D:8      | Noticed Pikel
  9240 | D:7      | Killed Pikel
  9240 | D:7      | Reached XP level 10. HP: 22/53 MP: 11/11
  9742 | D:8      | Noticed Psyche
 10218 | D:8      | Killed Psyche
 10517 | D:8      | You fall through a shaft!
 11244 | D:9      | Reached skill level 13 in Stealth
 11333 | D:10     | Entered Level 10 of the Dungeon
 12929 | D:9      | Found a staircase to the Lair.
 13229 | D:9      | Found an ornate altar of the Wu Jian Council.
 13307 | D:9      | Found a hide-covered altar of Uskayaw.
 13489 | Lair:1   | Entered Level 1 of the Lair of Beasts
 13494 | Lair:1   | Noticed Harold
 13508 | Lair:1   | Killed Harold
 13508 | Lair:1   | Reached XP level 11. HP: 58/58 MP: 12/12
 13726 | Lair:1   | Reached skill level 14 in Stealth
 13743 | Lair:1   | Noticed Erica
 13750 | Lair:1   | Killed Erica
 14721 | Lair:1   | Bought a creamy pearl robe for 148 gold pieces
 14733 | Lair:1   | Identified the +1 robe of the Burgomaster {Regen+ Str+2}
                  | (You bought it in a shop on level 1 of the Lair of Beasts)
 14736 | Lair:1   | Bought a scroll labeled GUIRIQ CIYLED for 26 gold pieces
 14736 | Lair:1   | Bought a sedimented dark potion for 23 gold pieces
 14736 | Lair:1   | Bought a scroll labeled TIWOEK OPTISS for 26 gold pieces
 14753 | Lair:1   | mistymad: ??stealth
 14753 | Lair:1   | beem: stealth[1/6]: Your character's ability to sneak
                  | around undetected. Base stealth is 3*dex + 15*SK_STEALTH,
                  | then modified as in {modified stealth}. See [3] for what
                  | the numbers mean.
 14753 | Lair:1   | mistymad: ??stealth 2
 14753 | Lair:1   | beem: I don't have a page labeled stealth_2 in my learndb.
 14753 | Lair:1   | mistymad: ??stealth [2
 14753 | Lair:1   | beem: stealth[2/6]: @ values are: extremely un 0, very un < 50, un < 100, fairly < 150, (no modifier) stealthy < 200, quite < 250, very < 300, extremely < 350, extraordinarily < 400, incredibly < 500, uncannily otherwise. (Words removed in 0.19.)>
                  | ERROR: string above had unterminated tag
 14753 | Lair:1   | mistymad: ??stealth [3
 14753 | Lair:1   | beem: stealth[3/6]: Each time *you* take an action (no
                  | penalty for nagas), each monster in LOS has an (x) in
                  | (stealth) chance of noticing you, where x = 22 + HD ... +4
                  | for smart, -4/-8/-12 for animal/insect/plant, +5 for sense
                  | invis, +50 for Glow, -10 if hibernating, +10 if "dormant"
                  | rather than sleeping, -75 if you are invisible to the
                  | monster. x cannot go below 1.
 14753 | Lair:1   | mistymad: ??stealth [4
 14753 | Lair:1   | beem: stealth[4/6]: Also, when a monster is out of your LoS
                  | and tries to learn your new position to continue its
                  | pursuit, it has to pass a stealth check, so high stealth =
                  | monsters forget about you quicker. Finally, stealth makes
                  | your stabs stronger and (plus dex) makes it less likely
                  | opening a door creaks loudly making noise 10.
 14753 | Lair:1   | mistymad: ??stealth [5
 14753 | Lair:1   | beem: modified stealth[1/1]: /3 when confused, +80 shadow
                  | card effect, +50 for every ring/boots of stealth/artefact
                  | +, -50 for every ring of loudness/artefact -, -(2/3 *
                  | ER^2), +50 in water if you are Op or Mf, /2 if you are size<=normal and can't swim, -10/15/20 for hooves 1/2/3, -50 silence.>
                  | ERROR: string above had unterminated tag
 14753 | Lair:1   | mistymad: ??stealth [6
 14753 | Lair:1   | beem: stealth[6/6]: http://i.imgur.com/PMlmu1H.gif
 15011 | Lair:2   | Found a staircase to the Shoals.
 15135 | Lair:2   | Noticed a six-headed hydra
 15142 | Lair:2   | Killed a six-headed hydra
 15142 | Lair:2   | Reached skill level 15 in Stealth
 15943 | Lair:2   | Reached XP level 12. HP: 54/65 MP: 13/13
 16030 | Lair:2   | Reached skill level 10 in Throwing
 16046 | Lair:2   | Found a hole to the Spider Nest.
 16993 | Lair:3   | Reached skill level 5 in Short Blades
 17366 | Lair:3   | Reached skill level 1 in Spellcasting
 17715 | Lair:3   | Noticed a four-headed hydra
 17721 | Lair:3   | Killed a four-headed hydra
 17844 | Lair:3   | Noticed an eight-headed hydra
 17848 | Lair:3   | Killed an eight-headed hydra
 17848 | Lair:3   | Reached skill level 16 in Stealth
 18279 | Lair:4   | Found a transporter.
 18280 | Lair:4   | Found a transporter.
 18281 | Lair:4   | Noticed mhoghedin's ghost (journeyman CeHu)
 18740 | Lair:4   | HP: 2/66 [black mamba (16)]
 19055 | Lair:4   | Reached skill level 1 in Evocations
 19462 | Lair:5   | Found a staircase to the Slime Pits.
 20030 | Lair:5   | Noticed a six-headed hydra
 20049 | Lair:5   | Killed a six-headed hydra
 20049 | Lair:5   | Reached XP level 13. HP: 54/70 MP: 18/18
 20372 | Lair:5   | Noticed Josephine
 20419 | Lair:5   | Killed Josephine
 20754 | Lair:6   | Entered Level 6 of the Lair of Beasts
 21520 | Lair:1   | Bought a scroll of identify for 26 gold pieces
 22376 | Lair:6   | Reached skill level 15 in Dodging
 22763 | Lair:6   | Noticed a dire elephant
 22776 | Lair:6   | Noticed a dire elephant
 22781 | Lair:6   | Killed a dire elephant
 22781 | Lair:6   | Reached skill level 17 in Stealth
 22973 | Lair:6   | Noticed a dire elephant
 23148 | Lair:6   | Noticed a dire elephant
 23148 | Lair:6   | Noticed a dire elephant
 23165 | Lair:6   | Killed a dire elephant
 23165 | Lair:6   | Reached skill level 5 in Evocations
 23253 | Lair:6   | Identified a scroll of acquirement
 23442 | Lair:6   | Noticed a dire elephant
 23504 | Lair:6   | Killed a dire elephant
 23852 | Lair:6   | Killed a dire elephant
 24087 | Lair:6   | Killed a dire elephant
 24452 | D:10     | Reached skill level 10 in Fighting
 25872 | D:11     | Reached XP level 14. HP: 77/77 MP: 20/20
 26915 | D:12     | Noticed Snorg
 26932 | D:12     | Killed Snorg
 27162 | D:12     | Found a staircase to the Orcish Mines.
 27628 | D:12     | Reached skill level 18 in Stealth
 27757 | D:12     | Got a faintly glowing dagger
 27758 | D:12     | Identified the +11 dagger of Bread {pain, rN+} (You found
                  | it on level 12 of the Dungeon)
 28154 | Orc:1    | Entered Level 1 of the Orcish Mines
 28526 | Orc:2    | Entered Level 2 of the Orcish Mines
 28756 | Orc:2    | Found a staircase to the Elven Halls.
 28990 | Orc:2    | Noticed a stone giant
 29115 | Orc:2    | Killed a stone giant
 31383 | Orc:2    | Found Egyn's General Store.
 31386 | Orc:2    | Found Kuxautec's Armour Boutique.
 31387 | Orc:2    | Found Erixt's Assorted Antiques.
 31388 | Orc:2    | Found Nearghad's Book Shop.
 31391 | Orc:2    | Bought a scroll of identify for 68 gold pieces
 31401 | Orc:2    | Bought a book of Battle for 400 gold pieces
 31414 | Orc:2    | Learned a level 3 spell: Regeneration
 31418 | Orc:2    | Learned a level 3 spell: Spectral Weapon
 31725 | Orc:1    | Found a roughly hewn altar of Beogh.
 32338 | Orc:2    | Bought a scroll of teleportation for 102 gold pieces
 32570 | D:13     | Reached skill level 1 in Charms
 32582 | D:13     | Reached skill level 10 in Short Blades
 32933 | D:13     | Bought a runed scarf for 272 gold pieces
 33123 | D:13     | Reached XP level 15. HP: 64/81 MP: 22/22
 33689 | D:14     | Reached skill level 1 in Hexes
 33950 | D:14     | Found a runed translucent door.
 33966 | D:14     | Reached skill level 1 in Necromancy
 34000 | D:14     | Learned a level 2 spell: Shroud of Golubria
 34007 | D:14     | Learned a level 6 spell: Deflect Missiles
 34049 | D:14     | Found a gate to the Vaults.
 34050 | D:14     | Noticed Urug
 34101 | D:14     | Reached skill level 19 in Stealth
 34326 | D:14     | Noticed Nessos
 34391 | D:14     | Killed Nessos
 34413 | D:14     | Noticed Jorgrun
 34416 | D:14     | Reached skill level 5 in Spellcasting
 34429 | D:14     | Killed Jorgrun
 34545 | D:14     | Killed Urug
 34743 | D:14     | Reached skill level 5 in Charms
 35236 | D:14     | Noticed a tengu reaver
 35236 | D:14     | Noticed Borgoz's ghost (journeyman KoGl)
 35477 | D:15     | Entered Level 15 of the Dungeon
 35477 | D:15     | Found Fitus's Antique Weapon Shoppe.
 35572 | D:15     | Found a staircase to the Depths.
 35707 | D:15     | Noticed a fire giant
 35739 | D:15     | Killed a fire giant
 35812 | D:15     | Noticed Azrael
 35880 | D:15     | Killed Azrael
 36161 | D:15     | Paralysed by a wizard for 3 turns
 36163 | D:15     | Slain by a cyclops

Levels and vault maps discovered:
D:1:      minmay_arrival_up_and_down, layout_basic
D:2:      layout_loops_ring, nemelex_xobeh_ov_fountains_minmay
D:3:      layout_rooms, uniq_robin, uniq_natasha, uniq_terence
D:4:      layout_loops_corners, first_ration
D:5:      layout_loops_ring, lemuel_coloured_pillars_altar,
          kennysheep_little_box, enter_ossuary_5, minmay_shop_damaged,
          hex_large, supply_closet_lemuel, minmay_starry_boxes, uniq_edmund
D:6:      layout_loops_ring, minmay_temple_entry_arrows, minivault_10
D:7:      layout_loops_ring, ashenzari_conservatory_becter, grunt_livestock,
          kb_rosetta
D:8:      layout_rooms, uniq_pikel, uniq_psyche
D:9:      layout_basic, kennysheep_mini_moat, old_standard_altar,
          due_lair_maze_entry_diamond, hangedman_decor_points
D:10:     layout_basic, minmay_checkerbox
D:11:     layout_gridville
D:12:     layout_basic, david_orc_4, uniq_snorg
D:13:     layout_big_octagon, minmay_increasing_density
D:14:     layout_roguey, david_vaults_3, ebering_ghost_inner_flame,
          serial_glass, glass_columns_a, glass_columns_b, glass_columns_a,
          glass_columns_a, glass_columns_b, glass_columns_a, glass_columns_b,
          glass_columns_b, nicolae_benzene_ring, chequers_serial_rivers_small_3,
          st_stairs_13, small_statue_alley_a, kennysheep_generic_room_15,
          uniq_jorgrun
D:15:     grunt_enter_depths_giant_problem, layout_basic, serial_shops,
          nicolae_shop_overgrown_old_shop, gammafunk_ghost_wrathful_warriors,
          chequers_serial_rivers_small_a, uniq_azrael
Temple:   eino_temple_rhombus
Lair:1:   layout_chaotic_city, uniq_harold, uniq_erica
Lair:2:   layout_chaotic_city, minmay_shoals_entry_beasts, spider_nest_entry_a
Lair:3:   layout_chaotic_city, beast_lair_carwin_10
Lair:4:   layout_loops_ring, gammafunk_ghost_hive, st_stairs_7
Lair:5:   layout_cave_pods, minmay_slime_entry_jelly_boxes, minivault_19,
          serial_bayou_crossing, infiniplex_staircase_pool_2,
          serial_bayou_shore_b, uniq_josephine
Lair:6:   due_jungle_book, layout_loops_ring
Orc:1:    layout_caves, david_defended_altar_orc
Orc:2:    st_orc_pillars, layout_diamond_mine
Ossuary:  ossuary_minmay_tomb_2a

Skill      XL: |  1  2  3  4  5  6  7  8  9 10 11 12 13 14 15 |
---------------+----------------------------------------------+-----
Dodging        | 2 3 4 5 6 8 10 12 13 14 15 17 | 17.0
Stealth        | 6 7 8 9 10 12 13 15 16 17 18 19 | 19.6
Fighting       | 2 3 4 5 6 7 8 9 10 11 | 11.4
Short Blades   | 3 4 6 8 10 | 10.4
Throwing       | 3 4 5 7 8 9 10 | 10.6
Spellcasting   | 3 4 6 |  6.5
Evocations     | 2 6 9 |  9.2
Charms         | 2 5 |  5.1
Hexes          | 3 |  3.0
Necromancy     | 3 |  3.0

Action                   |  1- 3 |  4- 6 |  7- 9 | 10-12 | 13-15 || total
-------------------------+-------+-------+-------+-------+-------++-------
Melee: Dagger            |    97 |   160 |   313 |   537 |  1873 ||  2980
       Short sword       |       |       |       |    17 |       ||    17
 Fire: Blowgun           |    47 |    77 |   170 |   328 |   398 ||  1020
       Hunting sling     |       |       |       |   120 |   267 ||   387
Throw: Throwing net      |       |       |     2 |     2 |     7 ||    11
       Stone             |       |       |     1 |   105 |     2 ||   108
 Cast: Regeneration      |       |       |       |       |    19 ||    19
       Spectral Weapon   |       |       |       |       |    12 ||    12
       Shroud of Golubri |       |       |       |       |     7 ||     7
Invok: Call Merchant     |       |       |       |     2 |     3 ||     5
Evoke: Wand              |       |     8 |     2 |       |     3 ||    13
  Use: Scroll            |     6 |     7 |     8 |    12 |     7 ||    40
       Potion            |       |       |       |     4 |     5 ||     9
 Stab: Sleeping          |     9 |    19 |    22 |    56 |    74 ||   180
       Distracted        |       |       |     6 |     8 |    23 ||    37
       Held in net/web   |       |       |     1 |     2 |     2 ||     5
       Invisible         |       |       |       |       |    11 ||    11
  Eat: Ration            |       |       |     4 |     5 |    10 ||    19
Armor: Robe              |    25 |    15 |    37 |    24 |    24 ||   125
Dodge: Dodged            |    84 |   101 |   348 |   600 |  1304 ||  2437
       Deflected         |       |       |       |       |    11 ||    11

Table legend:
 A = Non-vault XP
 B = Vault XP
 C = Vault XP percentage of total XP
 D = Non-vault monster count
 E = Vault monster count
 F = Vault count percentage of total count
                 A         B        C        D         E       F
            +---------+---------+-------+---------+---------+-------
      Total |   85270 |   49953 |  36.9 |     529 |     217 |  29.1
            +---------+---------+-------+---------+---------+-------
        D:1 |      54 |       0 |   0.0 |      27 |       0 |   0.0
        D:2 |      89 |       0 |   0.0 |      27 |       0 |   0.0
        D:3 |     154 |      98 |  38.9 |      22 |      10 |  31.2
        D:4 |     261 |       0 |   0.0 |      16 |       0 |   0.0
        D:5 |     147 |     158 |  51.8 |       9 |       1 |  10.0
        D:6 |    1217 |       0 |   0.0 |      32 |       0 |   0.0
        D:7 |     940 |    2595 |  73.4 |      13 |      10 |  43.5
        D:8 |     919 |     448 |  32.8 |      31 |       1 |   3.1
        D:9 |    2063 |    1287 |  38.4 |      30 |      12 |  28.6
       D:10 |    4706 |     655 |  12.2 |      32 |       4 |  11.1
       D:11 |    3028 |       0 |   0.0 |      25 |       0 |   0.0
       D:12 |    8185 |    1948 |  19.2 |      35 |      19 |  35.2
       D:13 |    5182 |    3753 |  42.0 |      21 |       9 |  30.0
       D:14 |   10446 |   10308 |  49.7 |      30 |      23 |  43.4
       D:15 |    6185 |    3949 |  39.0 |      16 |       7 |  30.4
     Lair:1 |    5109 |    1884 |  26.9 |      22 |       2 |   8.3
     Lair:2 |    4818 |    1363 |  22.1 |      22 |       4 |  15.4
     Lair:3 |    4593 |    3465 |  43.0 |      14 |      10 |  41.7
     Lair:4 |    3350 |       0 |   0.0 |      14 |       0 |   0.0
     Lair:5 |    3820 |    2244 |  37.0 |      12 |      18 |  60.0
     Lair:6 |   12872 |    2921 |  18.5 |      22 |       5 |  18.5
      Orc:1 |    3233 |     126 |   3.8 |      25 |       3 |  10.7
      Orc:2 |    3899 |   12651 |  76.4 |      32 |      71 |  68.9
    Ossuary |       0 |     100 | 100.0 |       0 |       8 | 100.0
            +---------+---------+-------+---------+---------+-------
